 Dungeon Crawl Stone Soup version 0.29.1-12-g30fa7ad0bf (webtiles) character file.

Game seed: 3656518902055450386

4 wormed the Trooper (level 1, 0/23 HPs)
             Began as a Gnoll Wanderer on Dec 27, 2022.
             Slain by a bat (1 damage)
             ... on level 1 of the Dungeon.
             The game lasted 00:01:11 (103 turns).

wormed the Trooper (Gnoll Wanderer)                  Turns: 103, Time: 00:01:11

Health: 0/23       AC:  2    Str: 10    XL:     1   Next: 60%
Magic:  4/4        EV: 11    Int: 10    God:
Gold:   0          SH:  0    Dex: 13    Spells: 4/5 levels left

rFire   . . .      SeeInvis .   a - +1 short sword
rCold   . . .      Faith    .   (no shield)
rNeg    . . .      Spirit   .   c - +0 robe
rPois   .          Reflect  .   (no helmet)
rElec   .          Harm     .   (no cloak)
rCorr   .          Rampage  .   (no gloves)
Will    .....                   (no boots)
Stlth   +.........              (no amulet)
HPRegen 0.07/turn               (no ring)
MPRegen 0.09/turn               (no ring)

@: no status effects
A: fangs 1, strong nose, distributed training
a: no special abilities


You were on level 1 of the Dungeon.
You visited 1 branch of the dungeon, and saw 1 of its levels.

Inventory:

Hand Weapons
 a - a +1 short sword (weapon)
Armour
 c - a +0 robe (worn)


   Skills:
 + Level 6.4 Fighting
 + Level 2.4 Short Blades
 + Level 0.1 Long Blades
 + Level 0.1 Axes
 + Level 0.1 Maces & Flails
 + Level 0.1 Polearms
 + Level 0.1 Staves
 + Level 0.1 Ranged Weapons
 + Level 2.4 Throwing
 + Level 2.4 Armour
 + Level 0.1 Dodging
 + Level 0.1 Stealth
 + Level 0.1 Shields
 + Level 0.1 Unarmed Combat
 + Level 2.6 Spellcasting
 + Level 0.1 Conjurations
 + Level 0.1 Hexes
 + Level 0.1 Summonings
 + Level 0.1 Necromancy
 + Level 0.1 Translocations
 + Level 0.1 Transmutations
 + Level 0.1 Fire Magic
 + Level 0.1 Ice Magic
 + Level 0.1 Air Magic
 + Level 5.3 Earth Magic
 + Level 0.1 Poison Magic
 + Level 0.2 Invocations
 + Level 0.1 Evocations


You had 4 spell levels left.
You knew the following spells:

 Your Spells              Type           Power      Damage    Failure   Level
a - Sandblast             Erth           24%        2d8       3%          1

Your spell library contained the following spells:

 Spells                   Type           Power      Damage    Failure   Level
 Leda's Liquefaction      Hex/Erth       3%         N/A       67%         4
 Petrify                  Tmut/Erth      6%         N/A       67%         4


Dungeon Overview and Level Annotations

Branches:
Dungeon (1/15)

Altars:


Innate Abilities, Weirdness & Mutations

You have very sharp teeth.
Your uncanny sense of smell can sniff out nearby items.
Your experience applies equally to all skills.


Message History

The bat closely misses you.
The ball python hisses angrily.
You hit the endoplasm but do no damage.
You bite the endoplasm, but do no damage.
The bat barely misses you. x2; The endoplasm barely misses you.
The endoplasm attacks as you move away! The endoplasm hits you.
The bat hits you but does no damage. The endoplasm hits you.
* * * LOW HITPOINT WARNING * * *
The bat closely misses you.
You flicker for a moment.
The endoplasm attacks as you move away! The endoplasm closely misses you.
A giant cockroach and an endoplasm come into view.
Found a stone staircase leading down.
The endoplasm quivers.
Found a silvery potion.
You flicker back into view.
The endoplasm attacks as you move away! The endoplasm barely misses you.
The endoplasm attacks as you move away! The endoplasm barely misses you.
A kobold comes into view. It is wielding a +0 club.
Found 3 silver javelins, a leather armour and a scroll labelled ROWOIT EDOYLL.
The endoplasm attacks as you move away! The endoplasm completely misses you.
A ball python comes into view.
Found a leather armour.
The kobold hits you with a +0 club.
* * * LOW HITPOINT WARNING * * *
The endoplasm attacks as you move away! The endoplasm closely misses you.
The kobold attacks as you move away! The kobold closely misses you.
The ball python hisses angrily.
The endoplasm attacks as you move away! The endoplasm hits you.
* * * LOW HITPOINT WARNING * * *
The kobold attacks as you move away! The kobold barely misses you.
You see here a +0 leather armour.
A kobold comes into view. It is wielding a +0 dagger.
The kobold shouts!
You hear an angry hiss.
A bat comes into view.
The bat hits you.
* * * LOW HITPOINT WARNING * * *
The bat barely misses you. The bat closely misses you.
The endoplasm attacks as you move away! The endoplasm closely misses you.
The bat closely misses you. The bat hits you.
You die...

#.[....g..(.##.B..
#.######...## .J.## #J#
#...# #...
#.######...####J###
#.S.....r.....gbrr####
##.K..r.#######K#....##
##..J....######.####..#
#...K.b.........K#b...#
#....b@...........>....
#....S.................
#......................
#......................
#........#######r......
#....#...# #.......
#....#...# ####.......
#....##### #..........
#..........


You could see 2 endoplasms, a quokka, 2 bats, 2 ball pythons, 2 kobolds and a
rat.

Vanquished Creatures
  A ball python (D:1)
  A giant cockroach (D:1)
  A hobgoblin (D:1)
3 creatures vanquished.

Vanquished Creatures (others)
  A plant (D:1)
1 creature vanquished.

Grand Total: 4 creatures vanquished

Notes
Turn   | Place    | Note
-------+----------+-------------------------------------------
     0 | D:1      | wormed the Gnoll Wanderer began the quest for the Orb.
     0 | D:1      | wormed set off with the following items: a +1 short sword,
                  | a potion of invisibility, a +0 robe; and the following
                  | spell memorised: Sandblast; and the following spells
                  | available to memorise: Leda's Liquefaction, Petrify.
     0 | D:1      | Reached XP level 1. HP: 23/23 MP: 4/4
    94 | D:1      | HP: 1/23 [endoplasm (2)]
   101 | D:1      | HP: 1/23 [bat (1)]
   103 | D:1      | Slain by a bat

Illustrated notes

Levels and vault maps discovered:
D:1:      noname_arrival_rooms_in_the_neighbourhood, layout_basic,
          shapermc_ecumenical_altar_mp_urbaneastern, minmay_hexomino_r4

Action                   || total
-------------------------++-------
Melee: Short sword       ||     8
       Bite              ||     3
 Cast: Sandblast         ||     1
  Use: Potion            ||     1
Armor: Robe              ||     8
Dodge: Dodged            ||    22
